Mulligans vs Saguenéens
Created - April 10, 2020 at 21:01
Goals
|
| Mulligans |
1 |
4 |
2 |
7 |
| Saguenéens |
1 |
0 |
1 |
2 |
|
Shots
|
| Mulligans |
8 |
12 |
7 |
27 |
| Saguenéens |
12 |
7 |
9 |
28 |
|
1st period
1. Mulligans , Matt Beleskey 30 (Jonathan Ferland 51, Anton Lander 83) at 16:17
2. Saguenéens , Tobias Rieder 10 (Alexander Wennberg 44) at 18:52 (PP)
Penalties :
Darren Dietz (Rep) for Hooking (Minor) at 18:50
2nd period
3. Mulligans , Sven Baertschi 18 (Joonas Donskoi 22, Drayson Bowman 21) at 0:38
4. Mulligans , Anton Lander 33 (Cody Goloubef 43) at 8:26 (PP)
5. Mulligans , Anton Lander 34 (Ben Hutton 22) at 9:32
6. Mulligans , Sam Bennett 11 (Joonas Donskoi 23) at 14:14
Penalties :
Carl Hagelin (Chi) for Roughing (Minor) at 8:22, Seth Helgeson (Chi) for Fighting (Major) at 14:31, Michael Sdao (Rep) for Fighting (Major) at 14:31
3rd period
7. Mulligans , Jonathan Ferland 36 (Anton Lander 84, Cody Goloubef 44) at 0:27
8. Saguenéens , Craig Cunningham 13 (Rhett Rakhshani 18, Mattias Janmark 2) at 5:27
9. Mulligans , Jonny Brodzinski 1 (Jonathan Ferland 52, Matt Beleskey 31) at 15:45
Penalties :
Maxime Macenauer (Rep) for Tripping (Minor) at 2:57, Jonathan Ferland (Rep) for Roughing (Minor) at 7:24, Logan Shaw (Rep) for Hooking (Minor) at 17:07, Mattias Janmark (Chi) for Tripping (Minor) at 19:51
Goalie Stats
Calvin Pickard (Rep), 26 saves from 28 shots - (0.929), W, 24-19-4, 60:00 minutes
Joe Cannata (Chi), 11 saves from 15 shots - (0.733), L, 27-22-5, 29:32 minutes
Tyler Beskorowany (Chi), 9 saves from 12 shots - (0.750), 30:28 minutes
Players Stats for Mulligans
Player Name G A P +/- PIM S H SB GA TA FO MP PP MP PK MP
------------------------------------------------------------------------------------
Anton Lander 2 2 4 3 0 3 0 0 0 1 19/35 24:36 0:12 3:12
Ben Hutton 0 1 1 0 0 1 1 1 0 1 0/0 19:16 0:08 2:13
Cade Fairchild 0 0 0 0 0 2 0 1 0 0 0/0 5:57 0:00 0:00
Cody Goloubef 0 2 2 2 0 1 2 3 1 1 0/0 27:16 0:04 3:46
Cristiano Digiacinto 0 0 0 0 0 0 0 0 0 0 0/0 0:00 0:00 0:00
Dalton Thrower 0 0 0 3 0 0 0 0 0 1 0/0 16:49 0:00 1:55
Darren Dietz 0 0 0 2 2 1 3 1 0 0 0/0 20:30 0:08 0:00
Drayson Bowman 0 1 1 0 0 1 3 0 0 0 0/0 16:05 0:00 0:00
John Hayden 0 0 0 0 0 0 0 0 0 0 0/0 0:00 0:00 0:00
Jonathan Ferland 1 2 3 3 2 3 0 0 2 0 0/0 18:56 0:12 2:19
Jonny Brodzinski 1 0 1 1 0 1 1 0 0 0 0/0 2:13 0:00 0:00
Joonas Donskoi 0 2 2 1 0 1 0 0 0 0 1/2 13:56 0:00 0:00
Logan Shaw 0 0 0 0 2 1 3 0 0 0 0/0 16:24 0:00 0:00
Matt Beleskey 1 1 2 3 0 4 1 1 3 0 2/4 17:42 0:12 1:01
Maxime Macenauer 0 0 0 0 2 3 1 0 0 0 5/7 17:05 0:00 0:58
Michael Sdao 0 0 0 1 5 0 2 5 0 0 0/0 22:07 0:04 3:46
Nick Moutrey 0 0 0 0 0 0 0 0 0 0 0/0 2:17 0:00 1:54
Reid Boucher 0 0 0 1 0 0 0 0 0 0 0/1 7:51 0:00 0:52
Robbie Russo 0 0 0 2 0 0 1 0 0 0 0/0 8:03 0:00 0:18
Robby Fabbri 0 0 0 1 0 0 0 0 0 0 1/1 6:59 0:00 0:00
Sam Bennett 1 0 1 1 0 3 3 0 0 0 0/3 13:56 0:00 0:00
Sven Baertschi 1 0 1 1 0 2 3 0 0 0 0/0 15:58 0:00 1:42
Players Stats for Saguenéens
Player Name G A P +/- PIM S H SB GA TA FO MP PP MP PK MP
------------------------------------------------------------------------------------
Adam Erne 0 0 0 -2 0 1 0 0 0 0 0/0 8:45 0:00 0:00
Alexander Wennberg 0 1 1 -4 0 0 1 1 0 0 14/32 21:09 3:17 0:00
Carl Hagelin 0 0 0 0 2 3 3 0 0 0 0/0 17:15 2:42 0:00
Craig Cunningham 1 0 1 1 0 2 3 0 0 0 0/0 12:47 0:09 0:00
Duncan Siemens 0 0 0 0 0 0 1 0 0 0 0/0 14:56 0:00 0:00
Henrik Samuelsson 0 0 0 0 0 2 1 0 0 0 4/7 17:16 2:42 0:00
Jake McCabe 0 0 0 -1 0 1 3 0 2 0 0/0 26:34 3:53 0:12
Julius Honka 0 0 0 0 0 0 0 0 0 0 0/0 14:34 0:00 0:00
Mark Stone 0 0 0 0 0 3 1 0 1 0 1/1 17:16 2:42 0:00
Mason Raymond 0 0 0 -4 0 4 2 0 0 0 1/6 21:21 3:17 0:12
Mattias Janmark 0 1 1 1 2 0 0 1 0 0 2/3 12:37 0:00 0:00
Mike Amadio 0 0 0 -2 0 0 0 0 0 1 2/3 8:45 0:00 0:00
Nick Mattson 0 0 0 -4 0 1 2 2 0 3 0/0 19:40 2:06 0:00
Rhett Rakhshani 0 1 1 1 0 0 0 1 1 0 0/0 12:38 0:00 0:00
Robert Hagg 0 0 0 -4 0 1 3 3 0 0 0/0 19:46 2:06 0:00
Seth Helgeson 0 0 0 -1 5 0 2 0 0 1 0/0 24:29 3:53 0:12
Teemu Pulkkinen 0 0 0 -2 0 4 1 0 0 0 0/0 8:45 0:00 0:00
Tobias Rieder 1 0 1 -4 0 6 2 1 0 1 1/1 21:12 3:08 0:12
3 Stars
1 - Anton Lander (Rep)
2 - Matt Beleskey (Rep)
3 - Jonathan Ferland (Rep)
Power Play
Mulligans - 1 on 2 Attempt(s) - 50.00%
Saguenéens - 1 on 4 Attempt(s) - 25.00%
Penalty Kill
Mulligans - 3 on 4 Attempt(s) - 75.00%
- Score 0 goal in Penalty Kill
Saguenéens - 1 on 2 Attempt(s) - 50.00%
- Score 0 goal in Penalty Kill
Team Stat
Mulligans - Hits : 24 - Faceoff Wins : 28 - Blocked Shots : 12 - Penalty Minutes : 13
Saguenéens - Hits : 25 - Faceoff Wins : 25 - Blocked Shots : 9 - Penalty Minutes : 9
Official
Referees : Unknown
Linesman : Unknown
Game Notes
Cade Fairchild is injured at 17:27 of 1st period (Strained Right Elbow)
Tyler Beskorowany enters game at 9:32 of 2nd period
Seth Helgeson and Michael Sdao fight to a draw at 14:31 of 2nd period
Finance
Level 1 -- Attendance: 1211 (60.55%) -- Ticket Income $48,440
Level 2 -- Attendance: 717 (71.70%) -- Ticket Income $14,340
Total Attendance: 1928 (64.27%)
Total Ticket Income: $62,780
Other Income: $3,139
Total Income: $65,919
Mulligans
5 vs 5 Forward
Center Left Wing Right Wing Time % Phy DF OF
1 Anton Lander Matt Beleskey Jonathan Ferland 40 1 2 2
2 Maxime Macenauer Drayson Bowman Logan Shaw 30 1 2 2
3 Sam Bennett Sven Baertschi Joonas Donskoi 20 1 2 2
4 Robby Fabbri Reid Boucher Anton Lander 10 1 2 2
5 vs 5 Defense
Defense Defense Time % Phy DF OF
1 Cody Goloubef Michael Sdao 40 1 2 2
2 Ben Hutton Cade Fairchild 30 1 2 2
3 Darren Dietz Dalton Thrower 20 1 2 2
4 Robbie Russo Cody Goloubef 10 1 2 2
PowerPlay Forward
Center Left Wing Right Wing Time % Phy DF OF
1 Anton Lander Matt Beleskey Jonathan Ferland 60 1 2 2
2 Maxime Macenauer Drayson Bowman Logan Shaw 40 1 2 2
PowerPlay Defense
Defense Defense Time % Phy DF OF
1 Cody Goloubef Michael Sdao 60 1 2 2
2 Ben Hutton Cade Fairchild 40 1 2 2
Penalty Kill 4 Players Forward
Center Wing Time % Phy DF OF
1 Anton Lander Jonathan Ferland 60 1 2 2
2 Matt Beleskey Maxime Macenauer 40 1 2 2
Penalty Kill 4 Players Defense
Defense Defense Time % Phy DF OF
1 Cody Goloubef Michael Sdao 60 1 2 2
2 Ben Hutton Cade Fairchild 40 1 2 2
Penalty Kill - 3 Players Forward
Forward Time % Phy DF OF
1 Anton Lander 60 1 2 2
2 Jonathan Ferland 40 1 2 2
Penalty Kill - 3 Players Defense
Defense Defense Time % Phy DF OF
1 Cody Goloubef Michael Sdao 60 1 2 2
2 Ben Hutton Cade Fairchild 40 1 2 2
4 vs 4 Forward
Center Wing Time % Phy DF OF
1 Anton Lander Jonathan Ferland 60 1 2 2
2 Matt Beleskey Maxime Macenauer 40 1 2 2
4 vs 4 Defense
Defense Defense Time % Phy DF OF
1 Cody Goloubef Michael Sdao 60 1 2 2
2 Ben Hutton Cade Fairchild 40 1 2 2
Last Minutes Offensive
Center Left Wing Right Wing Defense Defense
Anton Lander Matt Beleskey Jonathan Ferland Cody Goloubef Michael Sdao
Last Minutes Defensive
Center Left Wing Right Wing Defense Defense
Anton Lander Matt Beleskey Jonathan Ferland Cody Goloubef Michael Sdao
Goaltenders
Starting : Calvin Pickard
Backup : Juuse Saros
Extra Forwards
Normal : Jonny Brodzinski, John Hayden, Nick Moutrey - PP : Jonny Brodzinski, John Hayden - PK : Nick Moutrey
Extra Defensemen
Normal : Darren Dietz, Dalton Thrower, Robbie Russo - PP : Darren Dietz - PK : Dalton Thrower, Robbie Russo
Penalty Shots
Anton Lander, Jonathan Ferland, Matt Beleskey, Maxime Macenauer, Drayson Bowman
Scratches
Valeri Nichushkin (Left Ankle Injury)
Saguenéens
5 vs 5 Forward
Center Left Wing Right Wing Time % Phy DF OF
1 Alexander Wennberg Mason Raymond Tobias Rieder 40 1 2 2
2 Henrik Samuelsson Carl Hagelin Mark Stone 30 1 2 2
3 Mattias Janmark Craig Cunningham Rhett Rakhshani 20 1 2 2
4 Mike Amadio Teemu Pulkkinen Adam Erne 10 1 2 2
5 vs 5 Defense
Defense Defense Time % Phy DF OF
1 Seth Helgeson Jake McCabe 40 1 2 2
2 Robert Hagg Nick Mattson 30 1 2 2
3 Duncan Siemens Julius Honka 20 1 2 2
4 Seth Helgeson Jake McCabe 10 1 2 2
PowerPlay Forward
Center Left Wing Right Wing Time % Phy DF OF
1 Alexander Wennberg Mason Raymond Tobias Rieder 60 1 2 2
2 Henrik Samuelsson Carl Hagelin Mark Stone 40 1 2 2
PowerPlay Defense
Defense Defense Time % Phy DF OF
1 Seth Helgeson Jake McCabe 60 1 2 2
2 Robert Hagg Nick Mattson 40 1 2 2
Penalty Kill 4 Players Forward
Center Wing Time % Phy DF OF
1 Mason Raymond Tobias Rieder 60 1 2 2
2 Alexander Wennberg Mark Stone 40 1 2 2
Penalty Kill 4 Players Defense
Defense Defense Time % Phy DF OF
1 Seth Helgeson Jake McCabe 60 1 2 2
2 Robert Hagg Nick Mattson 40 1 2 2
Penalty Kill - 3 Players Forward
Forward Time % Phy DF OF
1 Mason Raymond 60 1 2 2
2 Tobias Rieder 40 1 2 2
Penalty Kill - 3 Players Defense
Defense Defense Time % Phy DF OF
1 Seth Helgeson Jake McCabe 60 1 2 2
2 Robert Hagg Nick Mattson 40 1 2 2
4 vs 4 Forward
Center Wing Time % Phy DF OF
1 Mason Raymond Tobias Rieder 60 1 2 2
2 Alexander Wennberg Mark Stone 40 1 2 2
4 vs 4 Defense
Defense Defense Time % Phy DF OF
1 Seth Helgeson Jake McCabe 60 1 2 2
2 Robert Hagg Nick Mattson 40 1 2 2
Last Minutes Offensive
Center Left Wing Right Wing Defense Defense
Alexander Wennberg Mason Raymond Tobias Rieder Seth Helgeson Jake McCabe
Last Minutes Defensive
Center Left Wing Right Wing Defense Defense
Alexander Wennberg Mason Raymond Tobias Rieder Seth Helgeson Jake McCabe
Goaltenders
Starting : Joe Cannata
Backup : Tyler Beskorowany
Extra Forwards
Normal : Craig Cunningham, Rhett Rakhshani, Teemu Pulkkinen - PP : Craig Cunningham, Rhett Rakhshani - PK : Teemu Pulkkinen
Extra Defensemen
Normal : Duncan Siemens, Julius Honka, Robert Hagg - PP : Duncan Siemens - PK : Julius Honka, Robert Hagg
Penalty Shots
Mason Raymond, Tobias Rieder, Alexander Wennberg, Mark Stone, Carl Hagelin
Scratches
Mikhail Grigorenko (Healthy), Tanner Richard (Healthy), Juraj Mikus (Healthy), Myles Bell (Healthy), Patrick Sieloff (Healthy)
Dylan Labbe (Healthy), Nick Paul (Healthy), Calle Andersson (Healthy), Clark Bishop (Healthy), Nikita Scherbak (Healthy)
JJ. Piccinich (Healthy), Michael Giugovaz (Healthy)
% Time on Ice - Mulligans
Lines # - Real PCT - Wanted PCT - Time Play
Normal Forward
1 - 31% - 40% - 16:46
2 - 30% - 30% - 16:08
3 - 26% - 20% - 13:56
4 - 13% - 10% - 6:59
Normal Defense
1 - 36% - 40% - 19:08
2 - 33% - 30% - 17:49
3 - 23% - 20% - 12:34
4 - 8% - 10% - 4:18
PP Forward
1 - 100% - 60% - 0:12
2 - 0% - 40% - 0:00
PP Defense
1 - 33% - 60% - 0:04
2 - 67% - 40% - 0:08
PK Forward
1 - 83% - 60% - 4:58
2 - 17% - 40% - 1:01
PK Defense
1 - 63% - 60% - 3:46
2 - 37% - 40% - 2:13
PK3 Forward
1 - 0% - 60%
2 - 0% - 40%
PK3 Defense
1 - 0% - 60%
2 - 0% - 40%
44 Forward
1 - 0% - 60%
2 - 0% - 40%
44 Defense
1 - 0% - 60%
2 - 0% - 40%
Last Minute Offensive - 0:00
Last Minute Defensive - 0:00
Total
Forward - 60:00
Defense - 60:00
|
% Time on Ice - Saguenéens
Lines # - Real PCT - Wanted PCT - Time Play
Normal Forward
1 - 33% - 40% - 17:52
2 - 27% - 30% - 14:34
3 - 23% - 20% - 12:38
4 - 16% - 10% - 8:45
Normal Defense
1 - 37% - 40% - 19:48
2 - 31% - 30% - 16:41
3 - 25% - 20% - 13:14
4 - 8% - 10% - 4:06
PP Forward
1 - 55% - 60% - 3:17
2 - 45% - 40% - 2:42
PP Defense
1 - 65% - 60% - 3:53
2 - 35% - 40% - 2:06
PK Forward
1 - 100% - 60% - 0:12
2 - 0% - 40% - 0:00
PK Defense
1 - 100% - 60% - 0:12
2 - 0% - 40% - 0:00
PK3 Forward
1 - 0% - 60%
2 - 0% - 40%
PK3 Defense
1 - 0% - 60%
2 - 0% - 40%
44 Forward
1 - 0% - 60%
2 - 0% - 40%
44 Defense
1 - 0% - 60%
2 - 0% - 40%
Last Minute Offensive - 0:00
Last Minute Defensive - 0:00
Total
Forward - 60:00
Defense - 60:00
|
Play-by-Play
1st period
0:01 of 1st period - Anton Lander wins face-off versus Mason Raymond in neutral zone.
1:33 of 1st period - Snap shot by Alexander Wennberg.
1:33 of 1st period - Shot Misses the Net.
2:12 of 1st period - Wrist shot by Joonas Donskoi.
2:12 of 1st period - Shot Blocked by Mattias Janmark.
2:18 of 1st period - Darren Dietz is hit by Duncan Siemens and loses puck.
2:31 of 1st period - Wrist shot by Mason Raymond.
2:31 of 1st period - Stopped by Calvin Pickard without a rebound.
2:32 of 1st period - Robby Fabbri wins face-off versus Alexander Wennberg in Mulligans zone.
2:32 of 1st period - Robby Fabbri is hit by Robert Hagg.
2:51 of 1st period - Snap shot by Mason Raymond.
2:51 of 1st period - Stopped by Calvin Pickard without a rebound.
2:52 of 1st period - Maxime Macenauer wins face-off versus Henrik Samuelsson in Mulligans zone.
2:57 of 1st period - Jake McCabe is hit by Drayson Bowman.
3:17 of 1st period - Seth Helgeson is hit by Cody Goloubef and loses puck.
3:28 of 1st period - Wrist shot by Mason Raymond.
3:28 of 1st period - Stopped by Calvin Pickard without a rebound.
3:29 of 1st period - Henrik Samuelsson wins face-off versus Anton Lander in Mulligans zone.
3:39 of 1st period - Off-side.
3:40 of 1st period - Mattias Janmark wins face-off versus Anton Lander in neutral zone.
3:45 of 1st period - Snap shot by Craig Cunningham.
3:45 of 1st period - Shot Misses the Net.
4:28 of 1st period - Slapshot by Mark Stone.
4:28 of 1st period - Stopped by Calvin Pickard with a rebound.
4:36 of 1st period - Wrist shot by Henrik Samuelsson.
4:36 of 1st period - Stopped by Calvin Pickard without a rebound.
4:37 of 1st period - Anton Lander wins face-off versus Mike Amadio in Mulligans zone.
4:42 of 1st period - Snap shot by Matt Beleskey.
4:42 of 1st period - Stopped by Joe Cannata without a rebound.
4:43 of 1st period - Mike Amadio wins face-off versus Anton Lander in Saguenéens zone.
4:52 of 1st period - Slapshot by Jake McCabe.
4:52 of 1st period - Shot Misses the Net.
4:54 of 1st period - Slapshot by Seth Helgeson.
4:54 of 1st period - Shot Blocked by Ben Hutton.
4:56 of 1st period - Slapshot by Jake McCabe.
4:56 of 1st period - Stopped by Calvin Pickard with a rebound.
4:58 of 1st period - Snap shot by Jake McCabe.
4:58 of 1st period - Shot Blocked by Cade Fairchild.
6:42 of 1st period - Mason Raymond is hit by Sam Bennett and loses puck.
7:24 of 1st period - Snap shot by Carl Hagelin.
7:24 of 1st period - Shot Misses the Net.
8:32 of 1st period - Wrist shot by Matt Beleskey.
8:32 of 1st period - Stopped by Joe Cannata with a rebound.
8:34 of 1st period - Snap shot by Jonathan Ferland.
8:34 of 1st period - Stopped by Joe Cannata without a rebound.
8:35 of 1st period - Maxime Macenauer wins face-off versus Henrik Samuelsson in Saguenéens zone.
9:41 of 1st period - Wrist shot by Teemu Pulkkinen.
9:41 of 1st period - Stopped by Calvin Pickard without a rebound.
9:42 of 1st period - Maxime Macenauer wins face-off versus Alexander Wennberg in Mulligans zone.
10:01 of 1st period - Mason Raymond is hit by Drayson Bowman and loses puck.
10:32 of 1st period - Craig Cunningham is hit by Sam Bennett and loses puck.
10:51 of 1st period - Anton Lander is hit by Jake McCabe and loses puck.
11:35 of 1st period - Snap shot by Carl Hagelin.
11:35 of 1st period - Stopped by Calvin Pickard with a rebound.
11:45 of 1st period - Michael Sdao is hit by Craig Cunningham and loses puck.
12:19 of 1st period - Duncan Siemens is hit by Logan Shaw and loses puck.
12:49 of 1st period - Icing by Matt Beleskey.
12:50 of 1st period - Henrik Samuelsson wins face-off versus Sam Bennett in Mulligans zone.
12:51 of 1st period - Slapshot by Mark Stone.
12:51 of 1st period - Shot Misses the Net.
12:53 of 1st period - Slapshot by Seth Helgeson.
12:53 of 1st period - Shot Misses the Net.
12:55 of 1st period - Snap shot by Henrik Samuelsson.
12:55 of 1st period - Shot Misses the Net.
12:57 of 1st period - Wrist shot by Henrik Samuelsson.
12:57 of 1st period - Shot Blocked by Cody Goloubef.
13:03 of 1st period - Snap shot by Mark Stone.
13:03 of 1st period - Stopped by Calvin Pickard with a rebound.
13:05 of 1st period - Snap shot by Henrik Samuelsson.
13:05 of 1st period - Stopped by Calvin Pickard without a rebound.
13:06 of 1st period - Anton Lander wins face-off versus Alexander Wennberg in Mulligans zone.
13:08 of 1st period - Icing by Matt Beleskey.
13:09 of 1st period - Anton Lander wins face-off versus Alexander Wennberg in Mulligans zone.
13:24 of 1st period - Snap shot by Jonathan Ferland.
13:24 of 1st period - Stopped by Joe Cannata without a rebound.
13:25 of 1st period - Henrik Samuelsson wins face-off versus Maxime Macenauer in Saguenéens zone.
13:42 of 1st period - Henrik Samuelsson is hit by Logan Shaw and loses puck.
14:18 of 1st period - Snap shot by Sven Baertschi.
14:18 of 1st period - Stopped by Joe Cannata with a rebound.
15:03 of 1st period - Icing by Robert Hagg.
15:04 of 1st period - Anton Lander wins face-off versus Henrik Samuelsson in Saguenéens zone.
15:07 of 1st period - Wrist shot by Anton Lander.
15:07 of 1st period - Shot Blocked by Robert Hagg.
15:09 of 1st period - Snap shot by Cade Fairchild.
15:09 of 1st period - Stopped by Joe Cannata with a rebound.
15:11 of 1st period - Snap shot by Anton Lander.
15:11 of 1st period - Shot Misses the Net.
15:13 of 1st period - Snap shot by Cade Fairchild.
15:13 of 1st period - Deflect By Robert Hagg.
15:13 of 1st period - Stopped by Joe Cannata with a rebound.
15:15 of 1st period - Slapshot by Cade Fairchild.
15:15 of 1st period - Shot Misses the Net.
15:52 of 1st period - Joonas Donskoi is hit by Craig Cunningham and loses puck.
16:17 of 1st period - Backhand shot by Matt Beleskey.
16:17 of 1st period - Goal by Matt Beleskey - Mulligans : 1 - Saguenéens : 0.
16:18 of 1st period - Alexander Wennberg wins face-off versus Anton Lander in neutral zone.
16:33 of 1st period - Snap shot by Tobias Rieder.
16:33 of 1st period - Deflect By Jonathan Ferland.
16:33 of 1st period - Stopped by Calvin Pickard with a rebound.
17:26 of 1st period - Cade Fairchild is hit by Nick Mattson.
17:27 of 1st period - Cade Fairchild from Mulligans is injured at 17:27 of 1st period (Strained Right Elbow).
17:28 of 1st period - Anton Lander wins face-off versus Alexander Wennberg in Mulligans zone.
18:50 of 1st period - Minor Penalty to Darren Dietz for Hooking.
18:51 of 1st period - Alexander Wennberg wins face-off versus Anton Lander in Mulligans zone.
18:52 of 1st period - Snap shot by Tobias Rieder.
18:52 of 1st period - Goal by Tobias Rieder - Mulligans : 1 - Saguenéens : 1.
18:53 of 1st period - Alexander Wennberg wins face-off versus Anton Lander in neutral zone.
19:18 of 1st period - Logan Shaw is hit by Mark Stone and loses puck.
19:36 of 1st period - Off-side.
19:37 of 1st period - Mattias Janmark wins face-off versus Joonas Donskoi in neutral zone.
19:46 of 1st period - Snap shot by Sven Baertschi.
19:46 of 1st period - Shot Blocked by Nick Mattson.
Goals for this period are 1 for Mulligans vs 1 for Saguenéens.
Shots for this period are 8 for Mulligans vs 12 for Saguenéens.
2nd period
0:01 of 2nd period - Alexander Wennberg wins face-off versus Anton Lander in neutral zone.
0:32 of 2nd period - Snap shot by Joonas Donskoi.
0:32 of 2nd period - Shot Blocked by Tobias Rieder.
0:38 of 2nd period - Wrist shot by Sven Baertschi.
0:38 of 2nd period - Deflect By Mason Raymond.
0:38 of 2nd period - Goal by Sven Baertschi - Mulligans : 2 - Saguenéens : 1.
0:39 of 2nd period - Henrik Samuelsson wins face-off versus Anton Lander in neutral zone.
1:09 of 2nd period - Snap shot by Maxime Macenauer.
1:09 of 2nd period - Shot Blocked by Robert Hagg.
1:11 of 2nd period - Snap shot by Drayson Bowman.
1:11 of 2nd period - Stopped by Joe Cannata without a rebound.
1:12 of 2nd period - Matt Beleskey wins face-off versus Alexander Wennberg in Saguenéens zone.
3:19 of 2nd period - Sven Baertschi is hit by Robert Hagg.
3:36 of 2nd period - Off-side.
3:37 of 2nd period - Mike Amadio wins face-off versus Reid Boucher in neutral zone.
3:44 of 2nd period - Wrist shot by Jake McCabe.
3:44 of 2nd period - Shot Blocked by Cody Goloubef.
3:46 of 2nd period - Slapshot by Jake McCabe.
3:46 of 2nd period - Shot Blocked by Michael Sdao.
3:48 of 2nd period - Wrist shot by Teemu Pulkkinen.
3:48 of 2nd period - Deflect By Cody Goloubef.
3:48 of 2nd period - Stopped by Calvin Pickard without a rebound.
3:49 of 2nd period - Tobias Rieder wins face-off versus Maxime Macenauer in Mulligans zone.
4:02 of 2nd period - Wrist shot by Maxime Macenauer.
4:02 of 2nd period - Stopped by Joe Cannata with a rebound.
4:19 of 2nd period - Snap shot by Sven Baertschi.
4:19 of 2nd period - Deflect By Sam Bennett.
4:19 of 2nd period - Stopped by Joe Cannata without a rebound.
4:20 of 2nd period - Mark Stone wins face-off versus Matt Beleskey in Saguenéens zone.
4:57 of 2nd period - Snap shot by Mark Stone.
4:57 of 2nd period - Shot Blocked by Michael Sdao.
5:03 of 2nd period - Snap shot by Carl Hagelin.
5:03 of 2nd period - Stopped by Calvin Pickard without a rebound.
5:04 of 2nd period - Alexander Wennberg wins face-off versus Anton Lander in Mulligans zone.
5:30 of 2nd period - Mattias Janmark is hit by Darren Dietz.
6:03 of 2nd period - Joonas Donskoi is hit by Teemu Pulkkinen.
6:13 of 2nd period - Slapshot by Cody Goloubef.
6:13 of 2nd period - Stopped by Joe Cannata without a rebound.
6:14 of 2nd period - Anton Lander wins face-off versus Alexander Wennberg in Saguenéens zone.
6:19 of 2nd period - Slapshot by Darren Dietz.
6:19 of 2nd period - Shot Blocked by Nick Mattson.
6:24 of 2nd period - Off-side.
6:25 of 2nd period - Anton Lander wins face-off versus Alexander Wennberg in neutral zone.
7:20 of 2nd period - Snap shot by Carl Hagelin.
7:20 of 2nd period - Shot Misses the Net.
7:22 of 2nd period - Wrist shot by Mark Stone.
7:22 of 2nd period - Deflect By Carl Hagelin.
7:22 of 2nd period - Shot Blocked by Darren Dietz.
7:22 of 2nd period - Puck is out of play.
7:23 of 2nd period - Alexander Wennberg wins face-off versus Sam Bennett in Mulligans zone.
7:28 of 2nd period - Slapshot by Tobias Rieder.
7:28 of 2nd period - Stopped by Calvin Pickard without a rebound.
7:29 of 2nd period - Alexander Wennberg wins face-off versus Sam Bennett in Mulligans zone.
7:42 of 2nd period - Snap shot by Tobias Rieder.
7:42 of 2nd period - Deflect By Alexander Wennberg.
7:42 of 2nd period - Shot Misses the Net.
7:42 of 2nd period - Puck is out of play.
7:43 of 2nd period - Anton Lander wins face-off versus Alexander Wennberg in Mulligans zone.
8:22 of 2nd period - Minor Penalty to Carl Hagelin for Roughing.
8:23 of 2nd period - Anton Lander wins face-off versus Mason Raymond in Saguenéens zone.
8:26 of 2nd period - Snap shot by Anton Lander.
8:26 of 2nd period - Goal by Anton Lander - Mulligans : 3 - Saguenéens : 1.
8:27 of 2nd period - Anton Lander wins face-off versus Alexander Wennberg in neutral zone.
8:40 of 2nd period - Wrist shot by Alexander Wennberg.
8:40 of 2nd period - Shot Blocked by Cody Goloubef.
8:42 of 2nd period - Slapshot by Seth Helgeson.
8:42 of 2nd period - Shot Blocked by Michael Sdao.
9:15 of 2nd period - Robert Hagg is hit by Sven Baertschi and loses puck.
9:32 of 2nd period - Wrist shot by Anton Lander.
9:32 of 2nd period - Goal by Anton Lander - Mulligans : 4 - Saguenéens : 1.
9:32 of 2nd period - Tyler Beskorowany enters game.
9:33 of 2nd period - Alexander Wennberg wins face-off versus Anton Lander in neutral zone.
9:44 of 2nd period - Snap shot by Mason Raymond.
9:44 of 2nd period - Stopped by Calvin Pickard with a rebound.
10:57 of 2nd period - Cody Goloubef is hit by Tobias Rieder and loses puck.
11:04 of 2nd period - Snap shot by Tobias Rieder.
11:04 of 2nd period - Stopped by Calvin Pickard with a rebound.
11:16 of 2nd period - Carl Hagelin is hit by Robbie Russo and loses puck.
11:25 of 2nd period - Robby Fabbri is hit by Carl Hagelin and loses puck.
12:02 of 2nd period - Wrist shot by Logan Shaw.
12:02 of 2nd period - Stopped by Tyler Beskorowany with a rebound.
12:20 of 2nd period - Wrist shot by Adam Erne.
12:20 of 2nd period - Stopped by Calvin Pickard with a rebound.
12:22 of 2nd period - Slapshot by Robert Hagg.
12:22 of 2nd period - Stopped by Calvin Pickard with a rebound.
12:24 of 2nd period - Snap shot by Adam Erne.
12:24 of 2nd period - Shot Blocked by Matt Beleskey.
13:36 of 2nd period - Jake McCabe is hit by Drayson Bowman and loses puck.
13:43 of 2nd period - Dalton Thrower is hit by Seth Helgeson and loses puck.
14:00 of 2nd period - Slapshot by Joonas Donskoi.
14:00 of 2nd period - Stopped by Tyler Beskorowany without a rebound.
14:01 of 2nd period - Joonas Donskoi wins face-off versus Alexander Wennberg in Saguenéens zone.
14:10 of 2nd period - Wrist shot by Joonas Donskoi.
14:10 of 2nd period - Shot Misses the Net.
14:12 of 2nd period - Wrist shot by Sam Bennett.
14:12 of 2nd period - Stopped by Tyler Beskorowany with a rebound.
14:14 of 2nd period - Wrist shot by Sam Bennett.
14:14 of 2nd period - Goal by Sam Bennett - Mulligans : 5 - Saguenéens : 1.
14:15 of 2nd period - Alexander Wennberg wins face-off versus Matt Beleskey in neutral zone.
14:31 of 2nd period - Seth Helgeson and Michael Sdao fight to a draw.
14:31 of 2nd period - Penalty to Seth Helgeson for Fighting.
14:31 of 2nd period - Penalty to Michael Sdao for Fighting.
14:32 of 2nd period - Anton Lander wins face-off versus Mason Raymond in Mulligans zone.
14:57 of 2nd period - Carl Hagelin is hit by Logan Shaw and loses puck.
15:28 of 2nd period - Slapshot by Ben Hutton.
15:28 of 2nd period - Stopped by Tyler Beskorowany without a rebound.
15:29 of 2nd period - Alexander Wennberg wins face-off versus Anton Lander in Saguenéens zone.
17:30 of 2nd period - Julius Honka is hit by Cody Goloubef and loses puck.
18:10 of 2nd period - Jake McCabe is hit by Darren Dietz and loses puck.
18:30 of 2nd period - Anton Lander is hit by Tobias Rieder and loses puck.
18:41 of 2nd period - Darren Dietz is hit by Craig Cunningham and loses puck.
19:04 of 2nd period - Dalton Thrower is hit by Carl Hagelin and loses puck.
19:34 of 2nd period - Jake McCabe is hit by Ben Hutton and loses puck.
Goals for this period are 4 for Mulligans vs 0 for Saguenéens.
Shots for this period are 12 for Mulligans vs 7 for Saguenéens.
3rd period
0:01 of 3rd period - Alexander Wennberg wins face-off versus Anton Lander in neutral zone.
0:12 of 3rd period - Snap shot by Tobias Rieder.
0:12 of 3rd period - Stopped by Calvin Pickard without a rebound.
0:13 of 3rd period - Anton Lander wins face-off versus Alexander Wennberg in Mulligans zone.
0:18 of 3rd period - Mason Raymond is hit by Michael Sdao and loses puck.
0:25 of 3rd period - Snap shot by Anton Lander.
0:25 of 3rd period - Stopped by Tyler Beskorowany with a rebound.
0:27 of 3rd period - Wrist shot by Jonathan Ferland.
0:27 of 3rd period - Goal by Jonathan Ferland - Mulligans : 6 - Saguenéens : 1.
0:28 of 3rd period - Mason Raymond wins face-off versus Anton Lander in neutral zone.
0:39 of 3rd period - Anton Lander is hit by Jake McCabe and loses puck.
0:54 of 3rd period - Carl Hagelin is hit by Michael Sdao.
1:19 of 3rd period - Seth Helgeson is hit by Sven Baertschi and loses puck.
1:27 of 3rd period - Off-side.
1:28 of 3rd period - Alexander Wennberg wins face-off versus Anton Lander in neutral zone.
1:31 of 3rd period - Anton Lander is hit by Mason Raymond.
1:54 of 3rd period - Drayson Bowman is hit by Carl Hagelin and loses puck.
2:34 of 3rd period - Snap shot by Teemu Pulkkinen.
2:34 of 3rd period - Shot Misses the Net.
2:57 of 3rd period - Minor Penalty to Maxime Macenauer for Tripping.
2:58 of 3rd period - Anton Lander wins face-off versus Alexander Wennberg in Mulligans zone.
3:12 of 3rd period - Wrist shot by Tobias Rieder.
3:12 of 3rd period - Stopped by Calvin Pickard without a rebound.
3:13 of 3rd period - Anton Lander wins face-off versus Alexander Wennberg in Mulligans zone.
4:24 of 3rd period - Snap shot by Mark Stone.
4:24 of 3rd period - Stopped by Calvin Pickard without a rebound.
4:25 of 3rd period - Matt Beleskey wins face-off versus Mason Raymond in Mulligans zone.
4:25 of 3rd period - Matt Beleskey is hit by Nick Mattson.
4:57 of 3rd period - Penalty to Maxime Macenauer is over, Maxime Macenauer is back on ice.
5:20 of 3rd period - Rhett Rakhshani is hit by Maxime Macenauer and loses puck.
5:27 of 3rd period - Snap shot by Craig Cunningham.
5:27 of 3rd period - Goal by Craig Cunningham - Mulligans : 6 - Saguenéens : 2.
5:28 of 3rd period - Alexander Wennberg wins face-off versus Anton Lander in neutral zone.
5:31 of 3rd period - Snap shot by Nick Mattson.
5:31 of 3rd period - Stopped by Calvin Pickard without a rebound.
5:32 of 3rd period - Anton Lander wins face-off versus Alexander Wennberg in Mulligans zone.
5:43 of 3rd period - Wrist shot by Tobias Rieder.
5:43 of 3rd period - Shot Hit the Post.
6:19 of 3rd period - Snap shot by Joonas Donskoi.
6:19 of 3rd period - Shot Misses the Net.
6:25 of 3rd period - Slapshot by Joonas Donskoi.
6:25 of 3rd period - Shot Blocked by Robert Hagg.
7:04 of 3rd period - Snap shot by Drayson Bowman.
7:04 of 3rd period - Shot Blocked by Alexander Wennberg.
7:06 of 3rd period - Slapshot by Maxime Macenauer.
7:06 of 3rd period - Stopped by Tyler Beskorowany with a rebound.
7:18 of 3rd period - Anton Lander is hit by Jake McCabe and loses puck.
7:24 of 3rd period - Minor Penalty to Jonathan Ferland for Roughing.
7:25 of 3rd period - Alexander Wennberg wins face-off versus Anton Lander in Mulligans zone.
7:27 of 3rd period - Snap shot by Alexander Wennberg.
7:27 of 3rd period - Shot Blocked by Michael Sdao.
7:49 of 3rd period - Cody Goloubef is hit by Henrik Samuelsson and loses puck.
9:24 of 3rd period - Penalty to Jonathan Ferland is over, Jonathan Ferland is back on ice.
9:59 of 3rd period - Wrist shot by Maxime Macenauer.
9:59 of 3rd period - Shot Misses the Net.
10:57 of 3rd period - Matt Beleskey is hit by Alexander Wennberg.
11:01 of 3rd period - Robert Hagg is hit by Matt Beleskey and loses puck.
11:12 of 3rd period - Robbie Russo is hit by Robert Hagg and loses puck.
12:12 of 3rd period - Michael Sdao is hit by Seth Helgeson and loses puck.
13:20 of 3rd period - Henrik Samuelsson is hit by Sam Bennett and loses puck.
13:39 of 3rd period - Snap shot by Rhett Rakhshani.
13:39 of 3rd period - Shot Misses the Net.
13:41 of 3rd period - Slapshot by Craig Cunningham.
13:41 of 3rd period - Stopped by Calvin Pickard with a rebound.
13:53 of 3rd period - Slapshot by Jake McCabe.
13:53 of 3rd period - Shot Hit the Post.
14:26 of 3rd period - Slapshot by Darren Dietz.
14:26 of 3rd period - Deflect By Carl Hagelin.
14:26 of 3rd period - Stopped by Tyler Beskorowany with a rebound.
15:00 of 3rd period - Duncan Siemens is hit by Sven Baertschi and loses puck.
15:15 of 3rd period - Snap shot by Maxime Macenauer.
15:15 of 3rd period - Shot Misses the Net.
15:34 of 3rd period - Snap shot by Alexander Wennberg.
15:34 of 3rd period - Shot Blocked by Michael Sdao.
15:40 of 3rd period - Tobias Rieder is hit by Jonny Brodzinski and loses puck.
15:45 of 3rd period - Snap shot by Jonathan Ferland.
15:45 of 3rd period - Deflect By Jonny Brodzinski.
15:45 of 3rd period - Goal by Jonny Brodzinski - Mulligans : 7 - Saguenéens : 2.
15:46 of 3rd period - Anton Lander wins face-off versus Alexander Wennberg in neutral zone.
15:53 of 3rd period - Snap shot by Matt Beleskey.
15:53 of 3rd period - Stopped by Tyler Beskorowany with a rebound.
16:04 of 3rd period - Alexander Wennberg is hit by Darren Dietz and loses puck.
16:27 of 3rd period - Wrist shot by Carl Hagelin.
16:27 of 3rd period - Stopped by Calvin Pickard with a rebound.
16:46 of 3rd period - Wrist shot by Sven Baertschi.
16:46 of 3rd period - Shot Blocked by Rhett Rakhshani.
16:48 of 3rd period - Snap shot by Cody Goloubef.
16:48 of 3rd period - Shot Misses the Net.
17:04 of 3rd period - Wrist shot by Teemu Pulkkinen.
17:04 of 3rd period - Stopped by Calvin Pickard without a rebound.
17:05 of 3rd period - Maxime Macenauer wins face-off versus Alexander Wennberg in Mulligans zone.
17:07 of 3rd period - Minor Penalty to Logan Shaw for Hooking.
17:08 of 3rd period - Anton Lander wins face-off versus Alexander Wennberg in Mulligans zone.
17:43 of 3rd period - Slapshot by Jake McCabe.
17:43 of 3rd period - Shot Misses the Net.
17:57 of 3rd period - Jonathan Ferland is hit by Mason Raymond and loses puck.
19:07 of 3rd period - Penalty to Logan Shaw is over, Logan Shaw is back on ice.
19:20 of 3rd period - Snap shot by Teemu Pulkkinen.
19:20 of 3rd period - Deflect By Michael Sdao.
19:20 of 3rd period - Stopped by Calvin Pickard with a rebound.
19:22 of 3rd period - Snap shot by Mike Amadio.
19:22 of 3rd period - Shot Misses the Net.
19:32 of 3rd period - Snap shot by Maxime Macenauer.
19:32 of 3rd period - Stopped by Tyler Beskorowany without a rebound.
19:33 of 3rd period - Maxime Macenauer wins face-off versus Mattias Janmark in Saguenéens zone.
19:51 of 3rd period - Minor Penalty to Mattias Janmark for Tripping.
19:52 of 3rd period - Anton Lander wins face-off versus Mason Raymond in Saguenéens zone.
Goals for this period are 2 for Mulligans vs 1 for Saguenéens.
Shots for this period are 7 for Mulligans vs 9 for Saguenéens.
Back to the Top